 Seeded DCSS version 0.30-a0-377-g5cb311bc9f (webtiles) character file.

Game seed: 11307214385629556089 (custom seed)

65 purpskrrrp the Slasher (level 3, 0/31 HPs)
             Began as a Minotaur Monk on Nov 28, 2022.
             Slain by Grinder (2 damage)
             ... on level 3 of the Dungeon.
             The game lasted 00:02:18 (1532 turns).

purpskrrrp the Slasher (Minotaur Monk)              Turns: 1532, Time: 00:02:18

Health: 0/31       AC:  6    Str: 15    XL:     3   Next: 94%
Magic:  2/2        EV: 13    Int:  7    God:
Gold:   112        SH:  0    Dex: 20    Spells: 2/2 levels left

rFire   . . .      SeeInvis .    a - +0 falchion
rCold   . . .      Faith    .    (no shield)
rNeg    . . .      Spirit   .    d - +3 leather armour
rPois   .          Reflect  .    (helmet restricted)
rElec   .          Harm     .    (no cloak)
rCorr   .          Rampage  .    (no gloves)
Will    .....                    (no boots)
Stlth   ++........               (no amulet)
HPRegen 0.25/turn                i - +6 ring of dexterity
MPRegen 0.08/turn                (no ring)

@: no status effects
A: horns 2, retaliatory headbutt
a: no special abilities


You were on level 3 of the Dungeon.
You visited 1 branch of the dungeon, and saw 3 of its levels.

You collected 112 gold pieces.

Inventory:

Hand Weapons
 a - a +0 falchion (weapon)
Armour
 b - a +0 robe
 d - a +3 leather armour (worn)
Jewellery
 i - a +6 ring of dexterity (left hand)
 j - an amulet of the acrobat
 l - a ring of positive energy
 n - a ring of fire
Scrolls
 k - a scroll of enchant weapon {unknown}
 m - 6 scrolls of identify {unknown}
 o - 3 scrolls of fear {unknown}
 p - a scroll of teleportation {unknown}
Potions
 c - a potion of brilliance {unknown}
 e - a potion of flight
 f - a potion of heal wounds {unknown}
 g - a potion of curing {unknown}
 h - a potion of degeneration {unknown}
 q - a potion of haste {unknown}


   Skills:
 - Level 3.6 Fighting
 + Level 5.9 Long Blades
 - Level 3.2 Dodging
 - Level 1.5 Stealth


You had 2 spell levels left.
You didn't know any spells.
Your spell library contained the following spells:

 Spells                   Type           Power      Damage    Failure   Level
 Sublimation of Blood     Necr           0%         N/A       65%         2
 Wereblood                Tmut           0%         N/A       65%         2
 Gell's Gravitas          Tloc           0%         N/A       86%         3
 Inner Flame              Hex/Fire       0%         N/A       86%         3
 Lesser Beckoning         Tloc           0%         N/A       86%         3
 Teleport Other           Tloc           0%         N/A       86%         3
 Cause Fear               Hex            0%         N/A       99%         4
 Summon Hydra             Summ           0%         N/A       100%        7
 Discord                  Hex            0%         N/A       100%        8


Dungeon Overview and Level Annotations

Branches:
Dungeon (3/15)

Altars:

Annotations:
D:3 Grinder


Innate Abilities, Weirdness & Mutations

You have a pair of horns on your head.
You reflexively headbutt those who attack you in melee.


Message History

Grinder gestures at you. Pain shoots through your body!
You closely miss Grinder.
Grinder is moderately wounded.
Grinder hits you.
You writhe in agony.
You are too injured to fight recklessly!
You are too injured to fight recklessly!
You are too injured to fight recklessly!
You are too injured to fight recklessly!
You are too injured to fight recklessly!
You are too injured to fight recklessly!
You are too injured to fight recklessly!
You are too injured to fight recklessly!
You are too injured to fight recklessly!
You are too injured to fight recklessly!
You are too injured to fight recklessly!
You are too injured to fight recklessly!
You are too injured to fight recklessly!
You are too injured to fight recklessly!
You are too injured to fight recklessly!
You are too injured to fight recklessly!
You are too injured to fight recklessly!
You are too injured to fight recklessly!
You are too injured to fight recklessly!
You are too injured to fight recklessly!
Okay, then.
Okay, then.
You completely miss Grinder. Your headbutt misses Grinder.
Grinder is moderately wounded.
Grinder misses you.
You barely miss Grinder.
Grinder is moderately wounded.
Grinder hits you!
* * * LOW HITPOINT WARNING * * *
You writhe in agony.
* * * LOW HITPOINT WARNING * * *
You closely miss Grinder. Your headbutt misses Grinder.
Grinder is moderately wounded.
Grinder hits you.
You die...

#.# #.# #.# #.#
###
#####.##.#.##
..
#...........#
#.
#.##...#.#.##
##.##.#......#
#..@..##...#.#
#.5######.##...
#.. #.# ###
.... #.# ###.#
#+# #. #. #.


You could see Grinder.

Vanquished Creatures
  An adder (D:2)
  A worm (D:2)
  3 orcs (D:3)
  5 ball pythons
  4 endoplasms
  3 giant cockroaches
  4 goblins
  5 hobgoblins
  3 jackals (D:1)
  A kobold (D:3)
  2 quokkas
  7 bats
  3 frilled lizards
  4 rats
46 creatures vanquished.

Notes
Turn   | Place    | Note
-------+----------+-------------------------------------------
     0 | D:1      | purpskrrrp the Minotaur Monk began the quest for the Orb.
     0 | D:1      | Reached XP level 1. HP: 19/19 MP: 0/0
   198 | D:1      | Reached skill level 4 in Long Blades
   212 | D:1      | Reached XP level 2. HP: 26/26 MP: 1/1
   538 | D:1      | Reached skill level 5 in Long Blades
   548 | D:1      | Reached XP level 3. HP: 31/31 MP: 2/2
  1524 | D:3      | Noticed Grinder
  1532 | D:3      | Slain by Grinder

Illustrated notes

Levels and vault maps discovered:
D:1:      lemuel_arrival_rhombus, layout_basic
D:2:      layout_loops_ring, minmay_misc_feat_secret_circle,
          minmay_split_cup_large
D:3:      layout_loops_corners, chequers_serial_rivers_micro_d,
          uniq_crazy_yiuf_cottage, uniq_grinder

Skill      XL: |  1  2 |
---------------+-------+-----
Long Blades    | 4 5 |  5.9
Fighting       | |  3.6
Dodging        | |  3.2
Stealth        | |  1.5

Action                   || total
-------------------------++-------
Melee: Falchion          ||    88
       Headbutt          ||    10
  Use: Potion            ||     2
 Stab: Sleeping          ||     2
Armor: Leather armour    ||    31
Dodge: Dodged            ||    62

Table legend: (Time is in decaauts)
 A = Elapsed time spent in this place.
 B = Non-inter-level travel time spent in this place.
 C = Inter-level travel time spent in this place.
 D = Time resting spent in this place.
 E = Time spent auto-exploring this place.
 F = Levels seen in this place.
 G = Mean time per level.
                   A        B        C        D        E       F      G
               +--------+--------+--------+--------+--------+-----+--------+
         Total |   1535 |   1476 |     59 |      0 |   1215 |   3 |  511.7 |
       Dungeon |   1535 |   1476 |     59 |      0 |   1215 |   3 |  511.7 |
               +--------+--------+--------+--------+--------+-----+--------+

Top non-repeatable levels by time:
     D:2: 671 daAuts
     D:1: 659 daAuts
     D:3: 204 daAuts
